 Dungeon Crawl Stone Soup version 0.20.1-1-g8b1a95d (webtiles) character file.

196 Gnungangingling the Skirmisher (level 5, -6/47 HPs)
             Began as a Hill Orc Monk on Sept 8, 2017.
             Mangled by an ogre
             ... wielding a +0 giant spiked club
              (28 damage)
             ... on level 4 of the Dungeon.
             The game lasted 00:08:24 (2393 turns).

Gnungangingling the Skirmisher (Hill Orc Monk)      Turns: 2393, Time: 00:08:25

Health: -6/47      AC:  3    Str: 14    XL:     5   Next: 75%
Magic:  5/5        EV: 13    Int: 10    God:
Gold:   181        SH:  0    Dex: 14    Spells: 4/4 levels left

rFire    . . .     SeeInvis .   p - +1 dagger (venom)
rCold    . . .     Gourm    .   (no shield)
rNeg     . . .     Faith    .   b - +0 robe
rPois    .         Spirit   .   (no helmet)
rElec    .         Reflect  .   (no cloak)
rCorr    .         Harm     .   (no gloves)
MR       .....                  q - +0 pair of boots
Stlth    ++........             (no amulet)
Regen    0.2/turn               (no ring)
MPRegen  0.1/turn               (no ring)

@: no status effects
A: no striking features
a: no special abilities


You were on level 4 of the Dungeon.
You were very hungry.

You visited 1 branch of the dungeon, and saw 4 of its levels.

You collected 181 gold pieces.

Inventory:

Hand Weapons
 a - a +0 dagger of draining
 p - a +1 dagger of venom (weapon)
Armour
 b - a +0 robe (worn)
 q - a +0 pair of boots (worn)
Jewellery
 i - an uncursed ring of stealth {unknown}
 k - an uncursed ring of protection from fire {unknown}
 l - an uncursed ring of positive energy {unknown}
Scrolls
 e - a scroll of amnesia
 g - a scroll of magic mapping
 o - 2 scrolls of remove curse {unknown}
Potions
 h - a potion of haste {unknown}
 j - a potion of heal wounds {unknown}
 m - a potion of magic {unknown}
 n - a potion of lignification {unknown}
 r - 2 potions of degeneration {unknown}
 s - a potion of curing {unknown}
Comestibles
 c - 3 bread rations
 d - 2 fruits
 f - a meat ration


   Skills:
 + Level 4.7 Fighting
 * Level 1.5(2.9) Short Blades
   Level 4.2(4.4) Long Blades
 + Level 3.1 Dodging
 + Level 2.8 Stealth


You had 4 spell levels left.
You didn't know any spells.

Dungeon Overview and Level Annotations

Branches:
Dungeon (4/15)
 Temple: D:4-7

Altars:
Makhleb
Zin


Message History

You are feeling very hungry.
The ogre barely misses you.
You hit the ogre.
The ogre is lightly wounded.
The ogre misses you. The ogre barely misses you.
You barely miss the ogre.
The ogre is lightly wounded.
The ogre hits you with a giant spiked club!!
Ouch! That really hurt!
You barely miss the ogre.
The ogre is lightly wounded.
You hit the ogre.
The ogre is poisoned.
The ogre is lightly wounded.
The ogre completely misses you.
There is a stone staircase leading down here.
As you open the door, it creaks loudly!
The ogre hits you with a giant spiked club!!
Ouch! That really hurt!
You die...

#.##.#..#.#.#.......###.......#
#.........#.†........##.#...#.#
.....................'........#
#####...####.......>.##.#....<#
#..# ##.......###.##..#.# #.#
##.....## #.###.#.# #.# ##...##
#.###.#.# #.# ##'## #.......#
#.# #@# #####.### #.# ######O#
#.# #.###...##.## #.#
#.##.###....## #.# #.#.##
##....# #.# #..##
##..#########.# #..#
#............# ##.##
##.############ ##.## ##..#


You could see an ogre.

Vanquished Creatures
  An ogre (D:4)
  Jessica (D:2)
  A worker ant (D:4)
  2 worms
  3 leopard geckos
  9 goblins
  12 hobgoblins
  7 jackals
  A quokka (D:4)
  2 bats (D:1)
  5 frilled lizards
  A kobold (D:2)
  5 rats
50 creatures vanquished.

Notes
Turn   | Place    | Note
-------+----------+-------------------------------------------
     0 | D:1      | Gnungangingling the Hill Orc Monk began the quest for the Orb.
     0 | D:1      | Reached XP level 1. HP: 19/19 MP: 1/1
   412 | D:1      | Reached XP level 2. HP: 27/27 MP: 2/2
  1038 | D:2      | Reached XP level 3. HP: 33/33 MP: 3/3
  1428 | D:2      | Noticed Jessica
  1432 | D:2      | Killed Jessica
  1432 | D:2      | Reached XP level 4. HP: 31/40 MP: 4/4
  1441 | D:2      | Found a faded altar of an unknown god.
  1570 | D:2      | Found a glowing silver altar of Zin.
  1570 | D:2      | Found a burning altar of Makhleb.
  1571 | D:2      | Noticed a blizzard demon
  1571 | D:2      | Noticed an angel
  2180 | D:4      | Noticed an ogre
  2211 | D:4      | Killed an ogre
  2211 | D:4      | Reached skill level 1 in Short Blades
  2211 | D:4      | Reached XP level 5. HP: 23/47 MP: 5/5
  2376 | D:4      | Noticed an ogre
  2393 | D:4      | Mangled by an ogre

Skill      XL: |  1  2  3  4 |
---------------+-------------+-----
Fighting       | 4 |  4.7
Long Blades    | 4 |  4.2
Stealth        | 2 |  2.8
Dodging        | 3 |  3.1
Short Blades   | 1 |  1.5

Action                   |  1- 3 |  4- 6 || total
-------------------------+-------+-------++-------
Melee: Falchion          |    83 |    17 ||   100
       Dagger            |       |    39 ||    39
  Use: Scroll            |       |     3 ||     3
 Stab: Sleeping          |     3 |     2 ||     5
  Eat: Fruit             |     2 |       ||     2
       Chunk             |       |     2 ||     2
Armor: Robe              |    16 |     3 ||    19
Dodge: Dodged            |    68 |    42 ||   110
       Rpst.: Falchion   |    18 |     5 ||    23
